 Dungeon Crawl Stone Soup version 0.26.0-20-g3ca415f5b8 (webtiles) character file.

Game seed: 11589944523620299306

58 thiole the Sneak (level 4, -2/27 HPs)
             Began as an Octopode Hedge Wizard on Jan 25, 2021.
             Slain by an iguana (4 damage)
             ... on level 4 of the Dungeon.
             The game lasted 00:06:50 (2712 turns).

thiole the Sneak (Octopode Hedge Wizard)            Turns: 2712, Time: 00:06:51

Health: -2/27      AC:  2    Str:  9    XL:     4   Next: 1%
Magic:  6/9        EV: 13    Int: 17    God:
Gold:   264        SH:  0    Dex: 11    Spells: 1/9 levels left

rFire    + . .     SeeInvis .   g - +1 dagger (venom)
rCold    + + .     Faith    .   (no shield)
rNeg     . . .     Spirit   .   b - +0 hat
rPois    +         Reflect  .   (no amulet)
rElec    +         Harm     .   (no ring)
rCorr    +         Rampage  .   (no ring)
Will     .....                  (no ring)
Stlth    +++.......             (no ring)
HPRegen  0.09/turn              (no ring)
MPRegen  0.11/turn              (no ring)
                                (no ring)
                                (no ring)

@: resistant, very slightly contaminated
A: almost no armour, stealthy swim, amphibious, 8 rings, constrict 8, rugged
brown scales 1, camouflage 1, cold resistance 1, gelatinous body 1
a: no special abilities


You were on level 4 of the Dungeon.
You visited 1 branch of the dungeon, and saw 4 of its levels.

You collected 264 gold pieces.

Inventory:

Hand Weapons
 g - a +1 dagger of venom (weapon)
Missiles
 j - 16 poisoned darts (quivered)
 k - 7 datura-tipped darts
Armour
 b - a +0 hat (worn)
Jewellery
 f - an uncursed ring of wizardry {unknown}
 i - an uncursed ring of protection from cold {unknown}
 q - an uncursed ring of protection from fire {unknown}
Scrolls
 a - a scroll of fog {unknown}
 c - a scroll of blinking {unknown}
 d - 5 scrolls of identify {unknown}
 l - 2 scrolls of remove curse {unknown}
 n - a scroll of amnesia {unknown}
 s - a scroll of random uselessness {unknown}
Potions
 e - a potion of mutation
 o - a potion of flight {unknown}
 p - a potion of haste {unknown}
 r - a potion of heal wounds {unknown}


   Skills:
 + Level 0.2 Fighting
 - Level 2.0 Dodging
 + Level 3.4 Stealth
 + Level 3.3 Spellcasting
 - Level 2.0 Conjurations
 - Level 2.0 Summonings
 - Level 1.0 Translocations
 + Level 0.2 Air Magic
 + Level 0.3 Poison Magic


You had one spell level left.
You knew the following spells:

 Your Spells              Type           Power        Failure   Level
a - Magic Dart            Conj           36%          8%          1
b - Call Imp              Summ           9%           11%         2
c - Slow                  Hex            2%           26%         2
d - Mephitic Cloud        Conj/Pois/Air  5%           34%         3

Your spell library contained the following spells:

 Spells                   Type           Power        Failure   Level
 Blink                    Tloc           N/A          17%         2
 Conjure Flame            Conj/Fire      6%           32%         3


Dungeon Overview and Level Annotations

Branches:
Dungeon (4/15)
 Temple: D:4-7

Altars:
Yredelemnul


Innate Abilities, Weirdness & Mutations

You cannot wear most types of armour.
You are very stealthy in the water. (Stealth+)
You are amphibious.
You can wear up to eight rings at the same time.
You can use your tentacles to constrict eight enemies at once.
Your skin changes colour to match your surroundings (Stealth+).
Your rubbery body absorbs attacks. (AC +1, EV +1)
You are partially covered in rugged brown scales. (AC +1, +3% HP)
Your flesh is cold resistant. (rC+)


Message History

* * * LOW HITPOINT WARNING * * *
It was a potion of curing.
You feel better.
You constrict the iguana. The iguana closely misses you.
Casting: Magic Dart (safe; 8% risk of failure)
Confirm with . or Enter, or press ? or * to list all spells.
Aiming: Magic Dart (safe; 8% risk of failure)
Press: ? - help, Shift-Dir - straight line, f/p - iguana
Aim: an iguana (lightly wounded, constricted by you, 0% to evade)
You miscast Magic Dart.
You are very lightly contaminated with residual magic.
Nothing appears to happen.
You constrict the iguana.
An adder comes into view.
The iguana bites you!
* * * LOW HITPOINT WARNING * * *
It was a potion of resistance.
You feel protected.
You constrict the iguana, but do no damage.
The adder hisses angrily.
You hear an angry hiss.
The iguana bites you.
You die...

##########
..........
#...##.#
#......#
#......#
#......#
#...##@#
#<..##l##
#.....hS#
#.......>(.....
######....##h.(
###.## h(# ....
.. #.### # #.#


You could see an iguana, an adder and a jackal.

Vanquished Creatures
  An adder (D:3)
  A worm (D:2)
  2 dart slugs
  3 giant cockroaches
  7 goblins
  3 hobgoblins
  6 jackals
  3 kobolds
  A quokka (D:2)
  4 bats (D:1)
  2 frilled lizards
  7 rats
40 creatures vanquished.

Notes
Turn   | Place    | Note
-------+----------+-------------------------------------------
     0 | D:1      | thiole the Octopode Hedge Wizard began the quest for the
                  | Orb.
     0 | D:1      | Reached XP level 1. HP: 11/11 MP: 4/4
   405 | D:1      | Reached XP level 2. HP: 15/17 MP: 0/6
  1257 | D:2      | Reached XP level 3. HP: 21/21 MP: 1/7
  1789 | D:2      | Learned a level 2 spell: Call Imp
  1792 | D:2      | Learned a level 2 spell: Slow
  1796 | D:2      | Learned a level 3 spell: Mephitic Cloud
  2269 | D:3      | Found a basalt altar of Yredelemnul.
  2706 | D:4      | Reached XP level 4. HP: 20/27 MP: 7/9
  2709 | D:4      | Gained mutation: You are partially covered in rugged brown
                  | scales. (AC +1, +3% HP) [potion of mutation]
  2709 | D:4      | Gained mutation: Your flesh is cold resistant. (rC+)
                  | [potion of mutation]
  2712 | D:4      | Slain by an iguana

Illustrated notes

Levels and vault maps discovered:
D:1:      giann_horns, layout_basic
D:2:      layout_loops_ring
D:3:      layout_rooms, overflow_temple_1_default
D:4:      layout_basic, nicolae_ossuary_entry_catacombs, st_stairs_5,
          amcnicky_altar_lugonu_corruption

Skill      XL: |  1  2  3 |
---------------+----------+-----
Stealth        | 3 |  3.4
Summonings     | 2 |  2.0
Conjurations   | 2 |  2.0
Fighting       | |  0.2
Dodging        | |  2.0
Spellcasting   | |  3.3
Translocations | |  1.0
Air Magic      | |  0.2
Poison Magic   | |  0.3

Action                   |  1- 3 |  4- 6 || total
-------------------------+-------+-------++-------
Melee: Dagger            |    37 |     1 ||    38
       Constrict         |    16 |     1 ||    17
       Tentacles         |     5 |       ||     5
Throw: Dart              |    18 |     1 ||    19
 Cast: Magic Dart        |    78 |     1 ||    79
  Use: Potion            |       |     3 ||     3
Armor: Skin              |     2 |       ||     2
Dodge: Dodged            |    19 |     2 ||    21
